 Dungeon Crawl Stone Soup version 0.28.0-43-g3370ac3207 (webtiles) character file.

Game seed: 5696440373336005825

1871 pkoi the Firebug (level 8, -7/44 HPs)
             Began as a Deep Elf Fire Elementalist on Mar 7, 2022.
             Was a Follower of Sif Muna.
             Mangled by a two-headed ogre
             ... wielding a +0 giant club
              (17 damage)
             ... on level 6 of the Dungeon.
             The game lasted 00:13:05 (9364 turns).

pkoi the Firebug (Deep Elf Fire Elementalist)       Turns: 9364, Time: 00:13:05

Health: -7/44      AC:  6    Str:  5    XL:     8   Next: 90%
Magic:  9/19       EV: 13    Int: 23    God:    Sif Muna [*.....]
Gold:   390        SH:  5    Dex: 15    Spells: 7/20 levels left

rFire   + . .      SeeInvis .   t - +0 war axe (freeze)
rCold   . . .      Faith    .   (no shield)
rNeg    . . .      Spirit   .   p - +2 robe {Archmagi}
rPois   +          Reflect  +   u - +1 hat
rElec   .          Harm     .   (no cloak)
rCorr   .          Rampage  .   g - +0 pair of gloves
Will    .....      Archmagi +   (no boots)
Stlth   +++.......              h - amulet of reflection
HPRegen 0.14/turn               i - ring of poison resistance
MPRegen 0.16/turn               n - ring of protection from fire

@: no status effects
A: no striking features
a: Renounce Religion, Channel Magic


You were on level 6 of the Dungeon.
You worshipped Sif Muna.
Sif Muna was aware of your devotion.
You visited 2 branches of the dungeon, and saw 8 of its levels.

You collected 390 gold pieces.

Inventory:

Hand Weapons
 c - a +0 whip
 t - a +0 war axe of freezing (weapon)
Missiles
 d - 2 poisoned darts
Armour
 g - a +0 pair of gloves (worn)
 p - a +2 robe of the Archmagi (worn)
 u - a +1 hat (worn)
Jewellery
 h - an amulet of reflection (around neck)
 i - a ring of poison resistance (left hand)
 m - a ring of positive energy
 n - a ring of protection from fire (right hand)
 s - a ring of resist corrosion
Wands
 a - a wand of polymorph (6)
 v - a wand of iceblast (14)
Scrolls
 k - 2 scrolls of noise
 l - a scroll of blinking {unknown}
 o - a scroll of torment {unknown}
 q - a scroll of enchant armour {unknown}
Potions
 b - a potion of mutation {unknown}
 e - 2 potions of haste {unknown}
 f - 3 potions of curing {unknown}
 j - 2 potions of brilliance {unknown}
 r - a potion of might {unknown}


   Skills:
 + Level 1.6 Fighting
 + Level 3.7 Dodging
 + Level 3.8 Stealth
 + Level 6.5 Spellcasting
 * Level 6.9 Conjurations
 + Level 4.9 Hexes
 * Level 7.6 Fire Magic


You had 7 spell levels left.
You knew the following spells:

 Your Spells              Type           Power      Damage    Failure   Level
a - Foxfire               Conj/Fire      100%       2x1d9     1%          1
b - Scorch                Fire           100%       2d10      1%          2
c - Inner Flame           Hex/Fire       53%        N/A       1%          3
d - Conjure Flame         Conj/Fire      58%        6-21      1%          3
e - Flame Wave            Conj/Fire      58%        2d11      4%          4

Your spell library contained the following spells:

 Spells                   Type           Power      Damage    Failure   Level
 Dazzling Flash           Conj/Hex       100%       N/A       1%          3
 Ensorcelled Hibernation  Hex/Ice        56%        N/A       4%          2
 Stone Arrow              Conj/Erth      70%        3d11      6%          3
 Pain                     Necr           44%        1d6       9%          1
 Sandblast                Erth           22%        2d7       9%          1
 Portal Projectile        Hex/Tloc       56%        N/A       9%          3
 Passwall                 Tmut/Erth      9%         N/A       12%         2
 Call Canine Familiar     Summ           11%        N/A       24%         3
 Swiftness                Air            11%        N/A       24%         3
 Leda's Liquefaction      Hex/Erth       14%        N/A       28%         4
 Animate Dead             Necr           5%         N/A       63%         4
 Silence                  Hex/Air        14%        N/A       63%         5
 Agony                    Necr           11%        N/A       92%         5
 Excruciating Wounds      Necr           5%         N/A       92%         5
 Haunt                    Necr/Summ      5%         N/A       100%        7
 Infestation              Necr           5%         N/A       100%        8


Dungeon Overview and Level Annotations

Branches:
Dungeon (7/15)             Temple (1/1) D:4

Altars:
Ashenzari
Cheibriados
Elyvilon
Fedhas
Hepliaklqana
Kikubaaqudgha
Makhleb
Nemelex Xobeh
Okawaru
Qazlal
Ru
Sif Muna
Trog
Uskayaw
Xom
Yredelemnul
Zin
The Shining One

Shops:
D:4 =   D:6 [


Message History

The flame wave engulfs the orc!
You kill the orc!
Sif Muna accepts your kill.
You hear an angry hiss. x2; You hear a croak.
You hear a shout!
Unknown command.
Unknown command.
A wave of flame ripples out!
The flame wave engulfs the orc warrior.
The orc warrior is lightly wounded.
The flame wave engulfs the two-headed ogre.
The two-headed ogre is lightly wounded.
The flame wave engulfs the orc!
You kill the orc!
Sif Muna accepts your kill.
You finish channelling waves of flame.
You hear an angry hiss.
You hear a shout! x2
The orc warrior closely misses you.
Unknown command.
Unknown command.
The orc warrior barely misses you. The two-headed ogre barely misses you.
The two-headed ogre hits you with a +0 giant club!
* * * LOW HITPOINT WARNING * * *
You climb upwards.
There is a stone staircase leading down, spattered with blood here.
Unknown command.
There is an open door here.
Things that are here:
a +0 robe; a +0 dagger You see here a +0 dagger.
Casting: Flame Wave (dangerous; 4% risk of failure)
Confirm with . or Enter, or press ? or * to list all spells.
You feel a surge of power!
The fire begins to smoulder!
Casting: Conjure Flame (safe; 1% risk of failure)
Confirm with . or Enter, or press ? or * to list all spells.
You feel a surge of power!
The fire ignites!
You are engulfed in blazing flames.
You resist.
* * * LOW HITPOINT WARNING * * *
The two-headed ogre hits you with a +0 giant club!
* * * LOW HITPOINT WARNING * * *
The two-headed ogre hits you with a +0 giant club!
You die...

#.# #.. #.. ####### #.. #.....#
######.. ######.....########
#....... ......[....'......##
#.....<.
######.....######[.#######.......
.....+.....)....@O.......'>......
######.....#######..######.......
#.....# #......# #.######
#[....####......# #.#
######........#......# #.#
.....#.....#..#####'## #.#
####.#.....#..# #.## #.#
#.#######..# #..# #.# #....# #..#
#..# #.#


You could see a two-headed ogre.

Vanquished Creatures
  A water moccasin (D:6)
  A sky beast (D:6)
  A necrophage (D:6)
  2 ice beasts
  3 ogres
  A centaur (D:5)
  A phantom (D:6)
  A bullfrog (D:6)
  4 wights (D:4)
  2 howler monkeys
  5 hounds
  2 centaur zombies (D:5)
  A centaur skeleton (D:5)
  An orc priest (D:6)
  2 bullfrog skeletons (D:6)
  A gnoll shaman (D:5)
  An iguana (D:6)
  3 orc wizards
  A killer bee zombie (D:6)
  9 gnolls
  2 adders
  3 white imps
  2 adder skeletons (D:4)
  2 worms
  11 orcs
  9 ball pythons
  6 endoplasms
  A giant cockroach (D:1)
  5 goblins
  5 hobgoblins
  13 jackals
  3 kobolds
  3 quokkas
  5 bats
  3 frilled lizards
  4 rats
120 creatures vanquished.

Vanquished Creatures (collateral kills)
  A foxfire (D:3)
1 creature vanquished.

Vanquished Creatures (others)
  313 foxfires
313 creatures vanquished.

Grand Total: 434 creatures vanquished

Notes
Turn   | Place    | Note
-------+----------+-------------------------------------------
     0 | D:1      | pkoi the Deep Elf Fire Elementalist began the quest for the
                  | Orb.
     0 | D:1      | Reached XP level 1. HP: 10/10 MP: 6/6
   807 | D:1      | Reached XP level 2. HP: 15/15 MP: 5/8
  1965 | D:2      | Reached XP level 3. HP: 19/19 MP: 2/9
  2024 | D:2      | Learned a level 2 spell: Scorch
  2775 | D:3      | Reached skill level 4 in Fire Magic
  2855 | D:3      | Identified the +3 leather armour of Plog {rN+ Will+ MP-9}
  3076 | D:3      | Found a blossoming altar of Fedhas.
  3097 | D:3      | Reached XP level 4. HP: 24/24 MP: 2/11
  3440 | D:3      | Found a faded altar of an unknown god.
  3930 | D:4      | Learned a level 3 spell: Inner Flame
  3934 | D:4      | Learned a level 3 spell: Conjure Flame
  3939 | D:4      | Noticed an ogre
  3946 | D:4      | Killed an ogre
  3947 | D:4      | Reached skill level 1 in Hexes
  3947 | D:4      | Reached XP level 5. HP: 28/28 MP: 2/13
  4382 | D:4      | Found Wariliatots's Jewellery Shoppe.
  4392 | D:4      | Reached skill level 5 in Fire Magic
  4739 | D:4      | Reached XP level 6. HP: 32/32 MP: 7/14
  5232 | D:4      | Found a staircase to the Ecumenical Temple.
  5245 | Temple   | Entered the Ecumenical Temple
  5302 | Temple   | Became a worshipper of Sif Muna the Loreminder
  5546 | D:5      | Entered Level 5 of the Dungeon
  5599 | D:5      | Reached skill level 5 in Spellcasting
  5599 | D:5      | Reached XP level 7. HP: 36/36 MP: 2/16
  5601 | D:5      | Reached skill level 5 in Conjurations
  5789 | D:5      | Reached skill level 6 in Fire Magic
  5841 | D:5      | Found a stormy altar of Qazlal.
  7344 | D:6      | Reached XP level 8. HP: 41/41 MP: 10/18
  7683 | D:6      | Reached skill level 7 in Fire Magic
  7881 | D:6      | Reached skill level 1 in Fighting
  8546 | D:6      | Found Wuetuelu's Antique Armour Shoppe.
  8556 | D:6      | Reached * piety under Sif Muna
  8877 | D:6      | Found a glowing silver altar of Zin.
  8969 | D:6      | Learned a level 4 spell: Flame Wave
  9001 | D:7      | Noticed a two-headed ogre
  9012 | D:6      | HP: 2/44 [poisoned by an orc warrior]
  9364 | D:6      | Mangled by a two-headed ogre

Illustrated notes

Levels and vault maps discovered:
D:1:      dpeg_arrival_tiny_f, layout_basic
D:2:      layout_loops_ring
D:3:      layout_loops_ring, fedhas_ov_isle_minmay, portal_sewer_entry_e,
          shapermc_ecumenical_altar_mp_vishouse
D:4:      layout_basic, minmay_temple_entry_stoned_glass, serial_shops, shop
D:5:      layout_basic, nicolae_qazlal_scattered_showers,
          minmay_misc_feat_encased, grunt_decor_arrowhead,
          minmay_misc_feat_secret_circle, kennysheep_cross_room
D:6:      layout_basic, nicolae_overflow_crystal_walls, serial_shops,
          nicolae_shop_crystal, lemuel_flamethrower_1
D:7:      layout_rooms, serial_bayou_pond_c, uniq_menkaure, uniq_maggie
Temple:   regret_index_temple_waves

Skill      XL: |  1  2  3  4  5  6  7  8 |
---------------+-------------------------+-----
Conjurations   | 2 3 4 6 |  6.9
Fire Magic     | 4 5 6 7 |  7.6
Spellcasting   | 4 5 6 |  6.5
Hexes          | 1 2 3 4 |  4.9
Dodging        | 3 |  3.7
Stealth        | 3 |  3.8
Fighting       | 1 |  1.6

Action                   |  1- 3 |  4- 6 |  7- 9 || total
-------------------------+-------+-------+-------++-------
Melee: Whip              |     4 |     2 |     2 ||     8
 Cast: Foxfire           |    87 |    73 |    33 ||   193
       Scorch            |       |     9 |    49 ||    58
       Conjure Flame     |       |     2 |     8 ||    10
       Inner Flame       |       |     2 |     7 ||     9
       Flame Wave        |       |       |     1 ||     1
  Use: Scroll            |     3 |     4 |       ||     7
Armor: Robe              |     3 |     3 |     6 ||    12
Dodge: Dodged            |    23 |     6 |    10 ||    39
Block: Other             |     2 |     3 |     7 ||    12
       Reflection        |       |       |     1 ||     1
